AoeStats
← 恆浪蕩

Socotra

506018187Analyzed
4v4 RM · 20d ago on Sep 12, 2026· 30m 43s· 8 players
Game mode
Random Map
Map size
148×148
Population
200
Speed
Normal
Resources
Standard
Victory
Conquest
Starting age
Dark Age
Ending age
Imperial Age
RankedLock teamsTeams togetherTeam positionsShared explorationLock speedFull tech treeHidden civsTurbo modeCheats
Victory
Defeat
🇵🇪 Sicilians · Peru
1722
+12
🇲🇽 Goths · Mexico
1671
+14
🇨🇱 Italians · Chile
1670
+14
🇨🇱 Georgians · Chile
1534
+18
🇨🇳 Vietnamese · China
1637
-15
🇭🇰 Malay · Hong Kong SAR China
1631
-15
🇹🇼 Ethiopians · Taiwan
1601
-14
🇹🇼 Japanese · Taiwan
1593
-14
奶油小豚
3:50 Loom
9:30 Feudal Age
13:51 Fletching
15:03 Double-Bit Axe
18:00 Wheelbarrow
22:30 Castle Age
20:14 Horse Collar
22:46 Crossbowman
23:23 Bodkin Arrow
25:45 Crossbowman
Sean
2:02 Loom
6:38 Loom
9:18 Feudal Age
9:52 Double-Bit Axe
23:44 Castle Age
21:49 Horse Collar
24:11 Scale Barding Armor
重炮手雷龍
2:37 Loom
10:01 Feudal Age
12:37 Double-Bit Axe
恆浪蕩
5:29 Loom
9:44 Feudal Age
12:50 Fletching
16:38 Double-Bit Axe
18:46 Padded Archer Armor
22:30 Castle Age
23:19 Wheelbarrow
22:31 Horse Collar
22:44 Gold Mining
22:34 Crossbowman
23:12 Bodkin Arrow
[DH]TLACUACHE
0:26 Loom
13:23 Feudal Age
17:53 Castle Age
18:33 Double-Bit Axe
21:39 Town Watch
25:50 Stone Mining
29:34 Wheelbarrow
29:21 Bow Saw
28:53 Horse Collar
30:51 Scale Mail Armor
Ancalagon14
5:14 Loom
9:31 Feudal Age
12:58 Fletching
21:12 Padded Archer Armor
22:02 Double-Bit Axe
27:32 Castle Age
28:11 Wheelbarrow
27:20 Horse Collar
27:35 Crossbowman
28:13 Bodkin Arrow
[MGG] JP
6:35 Loom
9:59 Feudal Age
10:33 Double-Bit Axe
15:42 Scale Barding Armor
23:17 Forging
26:42 Horse Collar
30:54 Wheelbarrow
31:11 Bloodlines
noru
0:57 Loom
2:03 Loom
20:44 Feudal Age
23:54 Town Watch
24:47 Double-Bit Axe
Connection lost

Rejoining the realm…

Still unreachable

The connection could not be restored.

Session expired

The server has moved on; the page needs a fresh start.